 Dungeon Crawl Stone Soup version 0.28.0-53-g5a82cb258f (webtiles) character file.

Game seed: 838377043197510215

91 Ashiichan the Stinger (level 4, -1/35 HPs)
             Began as a Draconian Venom Mage on June 10, 2022.
             Slain by a gnoll
             ... wielding a +0 whip
              (4 damage)
             ... on level 4 of the Dungeon.
             The game lasted 00:22:04 (3153 turns).

Ashiichan the Stinger (Draconian Venom Mage)        Turns: 3153, Time: 00:22:04

Health: -1/35      AC:  5    Str: 10    XL:     4   Next: 34%
Magic:  8/8        EV: 12    Int: 23    God:
Gold:   57         SH:  0    Dex: 12    Spells: 7/8 levels left

rFire   . . .      SeeInvis .   b - +1 dagger (speed)
rCold   . . .      Faith    .   (no shield)
rNeg    . . .      Spirit   .   (armour unavailable)
rPois   .          Reflect  .   (helmet restricted)
rElec   .          Harm     .   (no cloak)
rCorr   .          Rampage  .   (no gloves)
Will    .....                   (no boots)
Stlth   ++........              (no amulet)
HPRegen 0.11/turn               c - +6 ring of intelligence
MPRegen 0.11/turn               (no ring)

@: no status effects
A: AC +5, unfitting armour, cold-blooded
a: no special abilities


You were on level 4 of the Dungeon.
You visited 1 branch of the dungeon, and saw 4 of its levels.

You collected 57 gold pieces.

Inventory:

Hand Weapons
 b - a +1 dagger of speed (weapon)
Jewellery
 c - a +6 ring of intelligence (left hand)
 o - a ring of ice
Scrolls
 e - 2 scrolls of identify {unknown}
 h - a scroll of teleportation {unknown}
 i - a scroll of blinking {unknown}
 j - a scroll of magic mapping {unknown}
 k - a scroll of noise {unknown}
Potions
 a - a potion of cancellation {unknown}
 d - a potion of lignification {unknown}
 f - a potion of heal wounds {unknown}
 g - a potion of attraction {unknown}
 l - a potion of brilliance {unknown}
 m - a potion of degeneration {unknown}
 n - a potion of curing {unknown}


   Skills:
 + Level 1.1 Fighting
 + Level 1.1 Short Blades
 + Level 1.9 Dodging
 + Level 2.2 Stealth
 + Level 2.9 Spellcasting
 + Level 1.1 Transmutations
 + Level 3.7 Poison Magic


You had 7 spell levels left.
You knew the following spells:

 Your Spells              Type           Power      Damage    Failure   Level
a - Sting                 Tmut/Pois      56%        1d5       4%          1

Your spell library contained the following spells:

 Spells                   Type           Power      Damage    Failure   Level
 Poisonous Vapours        Pois/Air       22%        N/A       9%          2
 Slow                     Hex            12%        N/A       12%         1
 Sublimation of Blood     Necr           3%         N/A       19%         2
 Mephitic Cloud           Conj/Pois/Air  9%         N/A       22%         3
 Olgreb's Toxic Radiance  Pois           20%        N/A       26%         4
 Confusing Touch          Hex            3%         N/A       34%         3
 Vampiric Draining        Necr           3%         2d6       34%         3
 Petrify                  Tmut/Erth      5%         N/A       67%         4
 Irradiate                Conj/Tmut      2%         3d14      95%         5


Dungeon Overview and Level Annotations

Branches:
Dungeon (4/15)
 Temple: D:4-7

Altars:
Dithmenos


Innate Abilities, Weirdness & Mutations

Your plain brown scales are hard. (AC +5)
You cannot fit into any form of body armour.
You are cold-blooded and may be slowed by cold attacks.


Message History

The gnoll closely misses you.
You hit the gnoll.
The gnoll is severely wounded.
The gnoll barely misses you. The gnoll hits you but does no damage.
You hit the gnoll but do no damage.
The gnoll is severely wounded.
The gnoll closely misses you.
You hit the gnoll.
The gnoll is almost dead.
The gnoll closely misses you. The gnoll misses you.
The gnoll hits you with a +0 whip.
You hit the gnoll but do no damage.
Your tail-slap misses the gnoll.
The gnoll is almost dead.
The gnoll barely misses you. The gnoll hits you with a +0 flail!
You hit the gnoll.
Your tail-slap misses the gnoll.
The gnoll is almost dead.
The gnoll closely misses you.
You hit the gnoll.
You kill the gnoll!
The gnoll closely misses you. The gnoll misses you.
The gnoll hits you with a +0 flail.
* * * LOW HITPOINT WARNING * * *
Things that are here:
a +0 flail; a +0 leather armour You hit the gnoll.
The gnoll is lightly wounded.
The gnoll hits you with a +0 whip.
* * * LOW HITPOINT WARNING * * *
You completely miss the gnoll.
The gnoll is lightly wounded.
The gnoll hits you with a +0 flail.
* * * LOW HITPOINT WARNING * * *
The gnoll barely misses you.
You hit the gnoll.
The gnoll is moderately wounded.
The gnoll misses you.
You closely miss the gnoll.
The gnoll is moderately wounded.
The gnoll hits you with a +0 whip.
You die...

..#...#....#....#.....#..........
..#...#....#....#.....#..........
.####.##.####...#######..........
.####.##.####...#...........#####
................#...........#
................#...........#
................#...........#
'################...........#
................@...........#
.....<.........gg...........#
............................#
.......................########.
................................
.....................#..#.......
##############'##.....#..#......
.........#......#........
.........#....#..#.......


You could see 2 gnolls.

Vanquished Creatures
  5 gnolls
  An orc (D:3)
  3 endoplasms
  A giant cockroach (D:2)
  4 goblins
  10 hobgoblins
  2 kobolds
  A quokka (D:1)
  4 ball pythons
  3 bats
  A frilled lizard (D:1)
  3 rats
38 creatures vanquished.

Notes
Turn   | Place    | Note
-------+----------+-------------------------------------------
     0 | D:1      | Ashiichan the Draconian Venom Mage began the quest for the
                  | Orb.
     0 | D:1      | Reached XP level 1. HP: 14/14 MP: 3/3
   187 | D:1      | Found a faded altar of an unknown god.
   798 | D:1      | Reached XP level 2. HP: 19/20 MP: 3/5
  1590 | D:2      | Found a shadowy altar of Dithmenos.
  1665 | D:2      | Reached XP level 3. HP: 26/26 MP: 4/6
  1684 | D:2      | Reached skill level 1 in Fighting
  1962 | D:2      | Reached XP level 4. HP: 29/35 MP: 6/8
  2347 | D:3      | Reached skill level 1 in Short Blades
  2436 | D:3      | Noticed a centaur
  3153 | D:4      | Slain by a gnoll

Illustrated notes

Levels and vault maps discovered:
D:1:      dpeg_arrival_rooms_b, layout_basic, chequers_ecumenical_altar_simple
D:2:      layout_basic, basic_altar
D:3:      layout_basic, mainiacjoe_overflow_small_starburst, minitemple,
          uniq_ijyb
D:4:      layout_gridville, minmay_misc_feat_diagonals

Skill      XL: |  1  2  3  4 |
---------------+-------------+-----
Stealth        | 2 |  2.2
Fighting       | 1 |  1.1
Short Blades   | 1 |  1.1
Dodging        | |  1.9
Spellcasting   | |  2.9
Transmutations | |  1.1
Poison Magic   | |  3.7

Action                   |  1- 3 |  4- 6 || total
-------------------------+-------+-------++-------
Melee: Dagger            |    87 |    43 ||   130
       Unarmed           |    11 |       ||    11
       Tailslap          |    13 |     5 ||    18
       Punch             |     2 |       ||     2
 Cast: Sting             |    12 |     4 ||    16
 Stab: Sleeping          |     2 |       ||     2
       Distracted        |     1 |       ||     1
Armor: Skin              |    16 |     9 ||    25
Dodge: Dodged            |    51 |    26 ||    77
